 Dungeon Crawl Stone Soup version 0.31-a0-177-g4aa6249778 (webtiles) character file.

Game seed: 5365881193762551142

650 qw the Chopper (level 7, -1/43 HPs)
             Began as a Gargoyle Fighter on June 18, 2023.
             Slain by an ice beast (5 damage)
             ... on level 5 of the Dungeon.
             The game lasted 00:01:52 (3671 turns).

qw the Chopper (Gargoyle Fighter)                   Turns: 3671, Time: 00:01:53

Health: -1/43      AC: 17    Str: 21    XL:     7   Next: 53%
Magic:  7/7        EV:  8    Int:  9    God:
Gold:   141        SH:  4    Dex:  9    Spells: 6/6 levels left

rFire   . . .        Y - +0 war axe
rCold   . . .        c - +0 buckler
rNeg    + . .        f - +2 chain mail {rPois}
rPois   inf          a - +0 helmet
rElec   +            (no cloak)
rCorr   .            (no gloves)
SInv    .            (no boots)
Will    .....        (no amulet) Stlth
                     (no ring)
HPRegen 0.27/turn    (no ring)
MPRegen 0.10/turn

%: no passive effects
@: no status effects
A: sickness immunity, AC +4, negative energy resistance 1, electricity
resistance, torment resistance 1, petrification resistance
a: no special abilities


You were on level 5 of the Dungeon.
You visited 1 branch of the dungeon, and saw 5 of its levels.

You collected 298 gold pieces.
You spent 157 gold pieces at shops.


Innate Abilities, Weirdness & Mutations

You are immune to sickness and miasma.
Your stone body is resilient. (AC +4)
You are immune to poison.
You resist negative energy. (rN+)
You are resistant to electric shocks. (rElec)
You are resistant to unholy torment.
You are immune to petrification.


   Skills:
 - Level 4.0 Fighting
 + Level 6.8 Axes
 - Level 3.2 Armour
 - Level 1.7 Dodging
 - Level 3.2 Shields


You had 6 spell levels left.
You didn't know any spells.
Your spell library was empty.

Inventory:

Hand Weapons
 j - a +0 flail
 Y - a +0 war axe (weapon)
Armour
 a - a +0 helmet (worn)
 c - a +0 buckler (worn)
 f - a +2 chain mail of poison resistance (worn)
 k - the +1 helmet of the Equinox {Harm rF- rN+}
   (You found it on level 3 of the Dungeon)

   rF:        It makes you vulnerable to fire.
   rN:        It protects you from negative energy.
   Harm:      It increases damage dealt and taken.
Jewellery
 b - a ring of fire
Scrolls
 i - a scroll of identify
Potions
 d - a potion of might
 e - a potion of lignification
 g - 3 potions of enlightenment

Dungeon Overview and Level Annotations

Branches:
Dungeon (5/15)
 Temple: D:4-7

Altars:
Dithmenos
Gozag
Uskayaw

Shops:
D:1 =:   D:3 *   D:4 [


Message History

You slash the orc!
You kill the orc!
You miss something. You block the orc wizard's attack.
Something hits you but does no damage.
You closely miss the orc wizard.
The orc wizard is moderately wounded.
You hit the ice beast. You barely miss something.
The orc wizard hits you but does no damage.
You hear some strange, mumbled words.
You are confused.
The ice beast hits you but does no damage.
The orc wizard barely misses you. Something hits you but does no damage.
The ice beast hits you but does no damage.
The orc wizard mumbles some strange words.
The orc wizard flickers and vanishes!
Something hits you but does no damage. The ice beast hits you.
The ice beast freezes you! Something hits you but does no damage.
You hear some strange, mumbled words.
A magic dart appears from out of thin air!
The magic dart hits you but does no damage.
The ice beast closely misses you. The ice beast barely misses you.
Something hits you but does no damage. Something hits you.
The ice beast hits you but does no damage.
Something hits you but does no damage. Something completely misses you.
Something hits you but does no damage. x2; The ice beast hits you.
The ice beast freezes you! Something hits you.
Something hits you but does no damage.
The ice beast hits you but does no damage.
You feel less confused. Something hits you but does no damage.
The howler monkey hoots and howls with incredible vigour!
The ice beast hits you but does no damage.
Something hits you but does no damage.
You barely miss the ice beast.
The ice beast is lightly wounded.
You miss something. You closely miss something.
Something hits you but does no damage. The ice beast hits you.
The ice beast freezes you.
You die...

# #...... # #...... #
#+#+####.....#
.........#.....#
.........#.....####
..................#
..................#
..................#
................@.+ ..
...............Y{{###o...
..........#####.h........
..........# #..........
#######...# #..........
.........## ####.......
.........# .......
.........# .......
....++#### .......


You could see an ice beast and a howler monkey (catching breath).

Vanquished Creatures
  Sigmund (D:3)
  A black bear (D:4)
  A scorpion (D:3)
  A hound (D:4)
  An orc priest (D:4)
  A gnoll bouda (D:5)
  A sleepcap (D:5)
  Robin (D:3)
  10 gnolls
  3 adders
  2 dart slugs (D:1)
  5 orcs
  8 endoplasms
  4 giant cockroaches
  13 goblins
  7 hobgoblins
  10 jackals
  A quokka (D:1)
  7 ball pythons
  4 bats
  4 frilled lizards
  5 kobolds
  4 rats
95 creatures vanquished.

Notes
Turn   | Place    | Note
-------+----------+-------------------------------------------
     0 | D:1      | qw the Gargoyle Fighter began the quest for the Orb.
     0 | D:1      | Reached XP level 1. HP: 14/14 MP: 1/1
     0 | D:1      | 0 ||| qw: Version: 0.3-a-5-g6f28e65
     0 | D:1      | 0 ||| qw: Game counter: 703
     0 | D:1      | 0 ||| qw: Always use a shield: true
     0 | D:1      | 0 ||| qw: God list: Okawaru
     0 | D:1      | 0 ||| qw: Allow faded altars: false
     0 | D:1      | 0 ||| qw: Do Orc after D:15 true
     0 | D:1      | 0 ||| qw: Do second Lair branch before Depths: true
     0 | D:1      | 0 ||| qw: Lair rune preference: random
     0 | D:1      | 0 ||| qw: Plans: Normal, Zot:1-4, Slime:5, God:TSO, Crypt,
                  | Tomb, Abyss, Pan, Hells, Win
     0 | D:1      | 0 ||| PLANNING D:1-11
     5 | D:1      | 5 ||| Stepping ~*~*~tactically~*~*~ (stealth).
     8 | D:1      | 8 ||| Stepping ~*~*~tactically~*~*~ (stealth).
    13 | D:1      | 13 ||| Stepping ~*~*~tactically~*~*~ (stealth).
    19 | D:1      | Reached skill level 2 in Axes
    22 | D:1      | Reached XP level 2. HP: 17/19 MP: 2/2
   147 | D:1      | 147 ||| DRINKING 2 yellow potions.
   148 | D:1      | 148 ||| DRINKING 2 fizzy emerald potions.
   283 | D:1      | Found Resm's Jewellery Shoppe.
   286 | D:1      | 286 ||| SHOPLISTING +6 ring of strength (468 gold, have
                  | 29).
   286 | D:1      | 286 ||| SHOPLISTING amulet of faith (520 gold, have 29).
   286 | D:1      | 286 ||| SHOPLISTING ring of Wofiemn {Wiz Dex+2} (535 gold,
                  | have 29).
   286 | D:1      | 286 ||| SHOPLISTING ring of fire (325 gold, have 29).
   286 | D:1      | 286 ||| SHOPLISTING ring of see invisible (195 gold, have
                  | 29).
   362 | D:1      | Reached skill level 3 in Axes
   435 | D:1      | Found Ukeidd's Book Shop.
   574 | D:1      | 574 ||| Stepping ~*~*~tactically~*~*~ (hiding).
   585 | D:1      | Reached XP level 3. HP: 23/23 MP: 3/3
  1022 | D:1      | 1022 ||| UPGRADING to +0 chain mail.
  1032 | D:1      | 1032 ||| DROPPING +0 scale mail.
  1033 | D:1      | 1033 ||| READING scroll labelled COEM NUMME.
  1047 | D:1      | 1047 ||| READING scroll labelled XIBAGIULOYKH.
  1048 | D:1      | 1048 ||| READING scroll labelled NICURH MAOSE.
  1049 | D:1      | 1049 ||| DROPPING potion of brilliance.
  1081 | D:2      | 1081 ||| Stepping ~*~*~tactically~*~*~ (stealth).
  1349 | D:2      | 1349 ||| Stepping ~*~*~tactically~*~*~ (stealth).
  1357 | D:2      | 1357 ||| Stepping ~*~*~tactically~*~*~ (stealth).
  1358 | D:2      | 1358 ||| Stepping ~*~*~tactically~*~*~ (stealth).
  1362 | D:2      | 1362 ||| Stepping ~*~*~tactically~*~*~ (stealth).
  1370 | D:2      | 1370 ||| DROPPING +0 whip.
  1445 | D:2      | 1445 ||| Stepping ~*~*~tactically~*~*~ (stealth).
  1448 | D:2      | 1448 ||| Stepping ~*~*~tactically~*~*~ (hiding).
  1457 | D:2      | Reached XP level 4. HP: 22/28 MP: 4/4
  1462 | D:2      | Reached skill level 4 in Axes
  1522 | D:2      | Found a faded altar of an unknown god.
  1632 | D:2      | 1632 ||| Stepping ~*~*~tactically~*~*~ (stealth).
  1633 | D:2      | 1633 ||| Stepping ~*~*~tactically~*~*~ (stealth).
  1656 | D:2      | 1656 ||| READING 2 scrolls labelled VOROPO VEUBUVU.
  1657 | D:2      | 1657 ||| READING scroll labelled SISUS PITIMP.
  1658 | D:2      | 1658 ||| DROPPING scroll of blinking.
  1670 | D:3      | 1670 ||| STAIRDANCE
  1773 | D:3      | 1773 ||| Stepping ~*~*~tactically~*~*~ (stealth).
  1778 | D:3      | Noticed a scorpion
  1786 | D:3      | Killed a scorpion
  1787 | D:3      | Reached XP level 5. HP: 32/32 MP: 5/5
  1793 | D:3      | Reached skill level 5 in Axes
  1829 | D:3      | Noticed Robin
  1841 | D:3      | Killed Robin
  1887 | D:3      | Found Gozag's Platinum Reserve.
  1910 | D:3      | Found an opulent altar of Gozag.
  2017 | D:3      | Found a shadowy altar of Dithmenos.
  2141 | D:3      | Reached XP level 6. HP: 34/38 MP: 6/6
  2170 | D:3      | Identified the +1 helmet of the Equinox {Harm rF- rN+}
  2172 | D:3      | 2172 ||| DROPPING +0 mace.
  2216 | D:3      | Noticed Sigmund
  2232 | D:3      | Killed Sigmund
  2233 | D:3      | Reached skill level 6 in Axes
  2294 | D:3      | 2294 ||| SHOPLISTING +6 scale mail "Fuxuhyal" {-Tele Will+
                  | Dex+5} (5010 gold, have 255).
  2294 | D:3      | 2294 ||| SHOPLISTING +7 whip of Kuageniz {holy, Contam rF++
                  | rCorr Stlth+} (6680 gold, have 255).
  2536 | D:3      | 2536 ||| UPGRADING to +0 helmet.
  2541 | D:3      | 2541 ||| READING scroll labelled KOXOBO KEH.
  2542 | D:3      | 2542 ||| READING scroll labelled HOPPONGE HETI.
  2543 | D:3      | 2543 ||| READING 3 scrolls labelled LOSAHIXICA.
  2544 | D:3      | 2544 ||| READING 2 scrolls labelled VELOUD FADENE.
  2545 | D:3      | 2545 ||| DROPPING 2 scrolls of vulnerability.
  2636 | D:4      | Noticed a black bear
  2644 | D:4      | Killed a black bear
  2645 | D:4      | Reached skill level 1 in Dodging
  2645 | D:4      | Reached XP level 7. HP: 31/43 MP: 7/7
  2897 | D:4      | Found a hide-covered altar of Uskayaw.
  2922 | D:4      | HP: 9/43 [orc priest/+0 club (4)]
  3114 | D:4      | Found Abberich's Antique Armour Boutique.
  3124 | D:4      | 3124 ||| BUYING runed chain mail (157 gold).
  3124 | D:4      | Bought a runed chain mail for 157 gold pieces
  3124 | D:4      | 3124 ||| SHOPLISTING runed scale mail (147 gold, have 119).
  3124 | D:4      | 3124 ||| SHOPLISTING shiny chain mail (157 gold, have 119).
  3124 | D:4      | 3124 ||| SHOPLISTING shiny plate armour (546 gold, have
                  | 119).
  3387 | D:4      | 3387 ||| UPGRADING to +2 chain mail of poison resistance.
  3397 | D:4      | 3397 ||| DROPPING +0 chain mail.
  3398 | D:4      | 3398 ||| DRINKING 2 viscous sapphire potions.
  3472 | D:5      | Entered Level 5 of the Dungeon
  3473 | D:5      | 3473 ||| Stepping ~*~*~tactically~*~*~ (hiding).
  3476 | D:5      | 3476 ||| Stepping ~*~*~tactically~*~*~ (hiding).
  3491 | D:5      | 3491 ||| STAIRDANCE
  3636 | D:5      | 3636 ||| Stepping ~*~*~tactically~*~*~ (hiding).
  3638 | D:5      | 3638 ||| Stepping ~*~*~tactically~*~*~ (hiding).
  3639 | D:5      | 3639 ||| Stepping ~*~*~tactically~*~*~ (hiding).
  3640 | D:5      | 3640 ||| Stepping ~*~*~tactically~*~*~ (hiding).
  3668 | D:5      | HP: 5/43 [ice beast (12)]
  3671 | D:5      | Slain by an ice beast

Levels and vault maps discovered:
D:1:      minmay_arrival_shoal_huts, layout_basic, serial_shops,
          nicolae_shop_real_fake_doors, nicolae_book_shop_shelving,
          serial_park_tiny_2, skrybe_limestone_x, reono_crystal_passage
D:2:      layout_rooms, dreamdust_ecumenical_altar_angels_and_demons,
          minmay_shallow_snake_nest
D:3:      layout_loops_ring, amcnicky_altar_gilded,
          nicolae_gozag_zags_fifth_avenue, serial_bayou_lagoon_b, uniq_robin,
          uniq_sigmund
D:4:      layout_loops_ring, nicolae_uskayaw_murder_on_the_dancefloor,
          serial_shops, nicolae_shop_stone
D:5:      layout_basic, nicolae_tso_besieged_by_evil, temple_statues,
          gammafunk_ghost_necromancy

Skill      XL: |  1  2  3  4  5  6 |
---------------+-------------------+-----
Axes           | 2 3 4 5 6 |  6.8
Fighting       | 4 |  4.0
Dodging        | 1 |  1.7
Armour         | |  3.2
Shields        | |  3.2

Action                     |  1- 3 |  4- 6 |  7- 9 || total
---------------------------+-------+-------+-------++-------
  Melee: War axe           |    94 |    95 |    78 ||   267
    Use: Potion            |     2 |       |     1 ||     3
         Scroll            |     3 |     6 |       ||     9
 Armour: Scale mail        |    16 |       |       ||    16
         Chain mail        |    28 |    85 |    78 ||   191
  Dodge: Dodged            |    34 |    32 |    35 ||   101
  Block: Buckler           |    16 |    17 |    15 ||    48

Table legend:
 A = Non-vault XP
 B = Vault XP
 C = Vault XP percentage of total XP
 D = Non-vault monster count
 E = Vault monster count
 F = Vault count percentage of total count
                 A         B        C        D         E       F
            +---------+---------+-------+---------+---------+-------
      Total |     653 |     276 |  29.7 |      83 |      12 |  12.6
            +---------+---------+-------+---------+---------+-------
        D:1 |      40 |       0 |   0.0 |      21 |       0 |   0.0
        D:2 |      79 |      17 |  17.7 |      22 |       4 |  15.4
        D:3 |     166 |     259 |  60.9 |      15 |       8 |  34.8
        D:4 |     262 |       0 |   0.0 |      19 |       0 |   0.0
        D:5 |     106 |       0 |   0.0 |       6 |       0 |   0.0
            +---------+---------+-------+---------+---------+-------
